 Dungeon Crawl Stone Soup version 0.30-a0-371-gad7725a93e (webtiles) character file.

Game seed: 5875089791607900713

112 pokeman the Magician (level 4, -3/25 HPs)
             Began as a Deep Elf Hedge Wizard on Nov 22, 2022.
             Killed by divine providence
             ... invoked by an orc priest
              (14 damage)
             ... on level 3 of the Dungeon.
             The game lasted 00:03:00 (2008 turns).

pokeman the Magician (Deep Elf Hedge Wizard)        Turns: 2008, Time: 00:03:01

Health: -3/25      AC:  3    Str:  7    XL:     4   Next: 63%
Magic:  3/13       EV: 12    Int: 21    God:
Gold:   34         SH:  0    Dex: 14    Spells: 6/14 levels left

rFire   . . .      SeeInvis .    m - +1 whip (drain)
rCold   . . .      Faith    .    (no shield)
rNeg    . . .      Spirit   .    b - +0 robe
rPois   .          Reflect  .    c - +0 hat
rElec   .          Harm     .    (no cloak)
rCorr   .          Rampage  .    f - +0 pair of gloves
Will    .....                    (no boots)
Stlth   ++........               (no amulet)
HPRegen 0.24/turn                k - ring of flight
MPRegen 0.13/turn                (no ring)

@: flying
A: no striking features
a: no special abilities


You were on level 3 of the Dungeon.
You visited 1 branch of the dungeon, and saw 3 of its levels.

You collected 34 gold pieces.

Inventory:

Hand Weapons
 m - a +1 whip of draining (weapon)
Armour
 b - a +0 robe (worn)
 c - a +0 hat (worn)
 f - a +0 pair of gloves (worn)
Magical Staves
 a - a staff of poison
Jewellery
 k - a ring of flight (left hand)
Scrolls
 e - 2 scrolls of identify {unknown}
 h - 2 scrolls of teleportation {unknown}
 i - a scroll of brand weapon {unknown}
 n - a scroll of vulnerability {unknown}
 q - a scroll of enchant armour {unknown}
Potions
 d - a potion of magic
 g - a potion of resistance {unknown}
 j - a potion of lignification {unknown}
 l - 2 potions of heal wounds {unknown}
 o - a potion of invisibility {unknown}
 p - 3 potions of curing {unknown}


   Skills:
 - Level 1.0 Fighting
 - Level 1.0 Armour
 + Level 2.8 Dodging
 + Level 2.8 Stealth
 * Level 5.8 Spellcasting
 + Level 2.3 Conjurations
 - Level 1.1 Summonings
 - Level 1.1 Translocations


You had 6 spell levels left.
You knew the following spells:

 Your Spells              Type           Power      Damage    Failure   Level
a - Magic Dart            Conj           64%        1d6       3%          1
b - Mephitic Cloud        Conj/Pois/Air  9%         N/A       22%         3
c - Call Imp              Summ           10%        N/A       10%         2
d - Blink                 Tloc           20%        N/A       10%         2

Your spell library contained the following spells:

 Spells                   Type           Power      Damage    Failure   Level
 Summon Small Mammal      Summ           40%        N/A       6%          1
 Slow                     Hex            24%        N/A       10%         1
 Cigotuvi's Dreadful Rot  Necr/Pois/Air  12%        N/A       16%         2
 Call Canine Familiar     Summ           10%        N/A       19%         3
 Summon Guardian Golem    Hex/Summ       8%         N/A       24%         3
 Iskenderun's Mystic Bla  Conj/Tloc      13%        2d5       43%         4


Dungeon Overview and Level Annotations

Branches:
Dungeon (3/15)

Altars:

Shops:
D:1 :


Message History

The hobgoblin is heavily wounded.
Casting: Magic Dart (safe; 3% risk of failure)
Confirm with . or Enter, or press ? or * to list all spells.
Aiming: Magic Dart (safe; 3% risk of failure)
Press: ? - help, Shift-Dir - straight line, f/p - hobgoblin
Aim: a hobgoblin (heavily wounded, 100% to hit)
The magic dart hits the hobgoblin but does no damage.
The hobgoblin is heavily wounded.
Casting: Magic Dart (safe; 3% risk of failure)
Confirm with . or Enter, or press ? or * to list all spells.
Aiming: Magic Dart (safe; 3% risk of failure)
Press: ? - help, Shift-Dir - straight line, f/p - hobgoblin
Aim: a hobgoblin (heavily wounded, 100% to hit)
The magic dart hits the hobgoblin.
You kill the hobgoblin!
An orc priest comes into view. It is wielding a +0 club.
You see here 3 stones.
You start resting.
An orc priest is nearby!
You strike the helpless orc priest from behind!
You hit the orc priest.
The orc priest is moderately wounded.
The orc priest hits you but does no damage.
You closely miss the orc priest.
The orc priest is moderately wounded.
The orc priest casts a cantrip, but nothing happens.
You hit the orc priest but do no damage.
The orc priest is moderately wounded.
The orc priest closely misses you.
You barely miss the orc priest.
The orc priest is moderately wounded.
The orc priest mumbles some strange prayers to Beogh against you.
Beogh smites you!
Ouch! That really hurt!
You closely miss the orc priest.
The orc priest is moderately wounded.
The orc priest calls down the wrath of Beogh upon you.
Beogh smites you!
Ouch! That really hurt!
You die...

..>...................
#....†<.#############
#..####.###### .
o.#.........
#)#..######.
#)#........
#†#.####### #.#.#
######.#@# ......$o.#
.#####.### #. #. #. ##


You could see an orc priest.

Vanquished Creatures
  An orc wizard (D:3)
  4 adders
  3 dart slugs (D:1)
  3 orcs (D:3)
  A ball python (D:1)
  3 endoplasms
  2 giant cockroaches
  5 goblins
  5 hobgoblins
  2 quokkas (D:1)
  5 bats
  A frilled lizard (D:1)
  2 kobolds
  3 rats
40 creatures vanquished.

Vanquished Creatures (others)
  A fungus (D:1)
1 creature vanquished.

Grand Total: 41 creatures vanquished

Notes
Turn   | Place    | Note
-------+----------+-------------------------------------------
     0 | D:1      | pokeman the Deep Elf Hedge Wizard began the quest for the
                  | Orb.
     0 | D:1      | Reached XP level 1. HP: 10/10 MP: 7/7
   122 | D:1      | Found Qeddyaro's Book Emporium.
   265 | D:1      | Reached XP level 2. HP: 16/16 MP: 1/9
   404 | D:1      | Got the Papyrus of Concussion
   434 | D:1      | You fall into a shaft and drop 1 floor!
   586 | D:2      | Reached skill level 5 in Spellcasting
   808 | D:1      | Reached XP level 3. HP: 15/20 MP: 7/11
   812 | D:1      | Learned a level 3 spell: Mephitic Cloud
   815 | D:1      | Learned a level 2 spell: Call Imp
   818 | D:1      | Learned a level 2 spell: Blink
   855 | D:1      | Found a faded altar of an unknown god.
  1647 | D:2      | Reached skill level 1 in Fighting
  1647 | D:2      | Reached skill level 1 in Armour
  1818 | D:2      | Reached XP level 4. HP: 25/25 MP: 10/13
  2008 | D:3      | Killed from afar by an orc priest

Illustrated notes

Levels and vault maps discovered:
D:1:      scummos_arrival_gate, layout_basic, serial_shops,
          nicolae_diamond_shop, shapermc_ecumenical_altar_mp_urbaneastern
D:2:      layout_basic
D:3:      layout_basic, chequers_serial_rivers_micro_a, uniq_robin, uniq_grinder

Skill      XL: |  1  2  3 |
---------------+----------+-----
Spellcasting   | 5 |  5.8
Conjurations   | 2 |  2.3
Fighting       | 1 |  1.0
Armour         | 1 |  1.0
Dodging        | |  2.8
Stealth        | |  2.8
Summonings     | |  1.1
Translocations | |  1.1

Action                   |  1- 3 |  4- 6 || total
-------------------------+-------+-------++-------
Melee: Dagger            |     7 |       ||     7
       Punch             |     1 |       ||     1
       Whip              |     1 |     5 ||     6
 Cast: Magic Dart        |    91 |    22 ||   113
 Stab: Distracted        |       |     1 ||     1
Armor: Robe              |     8 |     2 ||    10
Dodge: Dodged            |    20 |     1 ||    21

Table legend: (Time is in decaauts)
 A = Elapsed time spent in this place.
 B = Non-inter-level travel time spent in this place.
 C = Inter-level travel time spent in this place.
 D = Time resting spent in this place.
 E = Time spent auto-exploring this place.
 F = Levels seen in this place.
 G = Mean time per level.
                   A        B        C        D        E       F      G
               +--------+--------+--------+--------+--------+-----+--------+
         Total |   2006 |   1982 |     24 |      6 |   1722 |   3 |  668.7 |
       Dungeon |   2006 |   1982 |     24 |      6 |   1722 |   3 |  668.7 |
               +--------+--------+--------+--------+--------+-----+--------+

Top non-repeatable levels by time:
     D:1: 964 daAuts
     D:2: 923 daAuts
     D:3: 118 daAuts
